 Dungeon Crawl Stone Soup version 0.29-a0-925-g0a7a3d12f8 (webtiles) character file.

Game seed: 1930432256025605000

579 dracfodder the Digger (level 7, -2/36 HPs)
             Began as a Gargoyle Earth Elementalist on July 30, 2022.
             Slain by Duvessa
             ... wielding a +0 short sword
              (16 damage)
             ... on level 5 of the Dungeon.
             The game lasted 00:24:26 (4177 turns).

dracfodder the Digger (Gargoyle Earth Elementalist) Turns: 4177, Time: 00:24:27

Health: -2/36      AC: 10    Str: 12    XL:     7   Next: 36%
Magic:  23/23      EV: 12    Int: 17    God:
Gold:   204        SH:  0    Dex: 10    Spells: 8/16 levels left

rFire   . . .      SeeInvis .   h - +2 spear (pain)
rCold   . . .      Faith    .   (no shield)
rNeg    + . .      Spirit   .   a - +1 robe
rPois   ∞          Reflect  .   t - +0 helmet
rElec   +          Harm     .   (no cloak)
rCorr   .          Rampage  .   j - +1 pair of gloves
Will    .....                   (no boots)
Stlth   ++........              m - amulet of magic regeneration
HPRegen 0.12/turn               u - ring of magical power
MPRegen 0.58/turn               (no ring)

@: no status effects
A: sickness immunity, AC +4, negative energy resistance 1, electricity
resistance, torment resistance 1, petrification resistance
a: no special abilities


You were on level 5 of the Dungeon.
You visited 1 branch of the dungeon, and saw 5 of its levels.

You collected 244 gold pieces.
You spent 40 gold pieces at shops.

Inventory:

Hand Weapons
 h - a +2 spear of pain (weapon)
Missiles
 e - 30 stones
 k - a throwing net
 p - 7 poisoned darts
 F - 8 boomerangs
Armour
 a - a +1 robe (worn)
 j - a +1 pair of gloves (worn)
 t - a +0 helmet (worn)
Jewellery
 c - a ring of ice
 m - an amulet of magic regeneration (around neck)
 u - a ring of magical power (left hand)
 x - a ring of protection from fire
Wands
 f - a wand of mindburst (8)
 B - a wand of charming (6)
Scrolls
 d - 3 scrolls of teleportation
 i - 3 scrolls of identify
 o - a scroll of poison
 r - 2 scrolls of fog
 y - 2 scrolls of amnesia
Potions
 b - a potion of magic
 g - a potion of lignification
 l - 2 potions of brilliance
 n - a potion of resistance
 q - a potion of haste
 s - a potion of mutation {unknown}
 v - a potion of berserk rage {unknown}
 w - a potion of heal wounds {unknown}
 z - 2 potions of ambrosia {unknown}
 A - a potion of degeneration {unknown}


   Skills:
 + Level 1.3 Throwing
 + Level 1.8 Dodging
 + Level 3.0 Stealth
 + Level 5.0 Spellcasting
 + Level 0.8 Transmutations
 + Level 2.2 Fire Magic
 + Level 6.1 Earth Magic
 + Level 0.2 Evocations


You had 8 spell levels left.
You knew the following spells:

 Your Spells              Type           Power      Damage    Failure   Level
a - Sandblast             Erth           50%        2d12      1%          1
b - Stone Arrow           Conj/Erth      28%        3d8       12%         3
c - Passwall              Tmut/Erth      13%        N/A       5%          2
d - Scorch                Fire           22%        2d6       9%          2

Your spell library contained the following spells:

 Spells                   Type           Power      Damage    Failure   Level
 Petrify                  Tmut/Erth      16%        N/A       34%         4
 Flame Wave               Conj/Fire      8%         2d5       65%         4
 Summon Cactus Giant      Summ           2%         N/A       100%        6


Dungeon Overview and Level Annotations

Branches:
Dungeon (5/15)             Temple (0/1) D:5

Altars:
Dithmenos
Fedhas

Shops:
D:1 [   D:2 *=:   D:4 *

Annotations:
D:5 Duvessa


Innate Abilities, Weirdness & Mutations

You are immune to sickness and miasma.
Your stone body is resilient. (AC +4)
You are immune to poison.
You resist negative energy. (rN+)
You are resistant to electric shocks. (rElec)
You are resistant to unholy torment.
You are immune to petrification.


Message History

Duvessa hits you but does no damage. Duvessa misses you.
Dowan points at Duvessa and mumbles some strange words.
Duvessa seems to speed up.
Aiming: Sandblast (safe; 1% risk of failure)
Press: ? - help, Q - select action, (/) - cycle Shift-Dir - straight line, f/p - Duvessa
Aim: Duvessa, wielding a +0 short sword and wearing a +0 leather armour (lightly wounded, fast, 85% to hit)
The blast of sand hits Duvessa but does no damage.
Duvessa is lightly wounded.
Duvessa hits you with a +0 short sword.
Dowan gestures wildly while chanting.
Dowan blinks!
Duvessa hits you with a +0 short sword. x2
Aiming: Sandblast (safe; 1% risk of failure)
Press: ? - help, Q - select action, (/) - cycle Shift-Dir - straight line, f/p - Duvessa
Aim: Duvessa, wielding a +0 short sword and wearing a +0 leather armour (lightly wounded, fast, 85% to hit)
The blast of sand hits Duvessa but does no damage.
Duvessa is lightly wounded.
Duvessa hits you with a +0 short sword. Duvessa hits you with a +0 short sword!
Duvessa hits you but does no damage.
Aiming: Sandblast (safe; 1% risk of failure)
Press: ? - help, Q - select action, (/) - cycle Shift-Dir - straight line, f/p - Duvessa
Aim: Duvessa, wielding a +0 short sword and wearing a +0 leather armour (lightly wounded, fast, 85% to hit)
The blast of sand hits Duvessa!
Duvessa is moderately wounded.
Duvessa hits you with a +0 short sword. Duvessa closely misses you.
Duvessa hits you but does no damage.
Aiming: Sandblast (safe; 1% risk of failure)
Press: ? - help, Q - select action, (/) - cycle Shift-Dir - straight line, f/p - Duvessa
Aim: Duvessa, wielding a +0 short sword and wearing a +0 leather armour (moderately wounded, fast, 85% to hit)
The blast of sand hits Duvessa.
Duvessa is heavily wounded.
Duvessa hits you with a +0 short sword. Duvessa barely misses you. x2
Aiming: Sandblast (safe; 1% risk of failure)
Press: ? - help, Q - select action, (/) - cycle Shift-Dir - straight line, f/p - Duvessa
Aim: Duvessa, wielding a +0 short sword and wearing a +0 leather armour (heavily wounded, fast, 85% to hit)
The blast of sand misses Duvessa.
The blast of sand hits Dowan.
You kill Dowan!
Duvessa screams in rage.
Duvessa goes berserk!
Duvessa hits you with a +0 short sword!
You die...

,,,,* *,* *,* ***,*****#########
*,**** *,*
*,**,,,........#####.#*,*****,*
*,**,*,...............,,,,,,*,*
***,**,*.#######.#****,,,,,**,*,*
,,,,,,,,........)# *,,,,,**,*,*
***,**,*...#####.# *,,,,,**,*,*
*,**,,,,,,* #e# *,,,,,**,*,*
*,**,,,,,,***#@# *,,,,,**,*,*
*,**,,,>,,,,,#.## *,,,,,**,*,*
*,**,,,,,,**,#..# *,,,,,**,*,*
***,**,,,,.P##.#..#######.***,*,*
,,,,,,,,,,................,,,,,,,
***,******########.########.***,*
*,,,,,,,,.................,,,,*
*********########.#######.*****
#.## *,#*,* *


You could see Duvessa (berserk, fast).

Vanquished Creatures
  Sigmund (D:3)
  An ogre (D:5)
  Blork the orc (D:4)
  Dowan (D:5)
  2 iguanas (D:5)
  An orc wizard (D:3)
  Natasha (thrice) (D:3)
  6 adders
  A dart slug (D:3)
  2 orcs (D:3)
  7 bats
  4 endoplasms
  2 giant cockroaches
  5 goblins
  2 hobgoblins
  4 jackals
  5 kobolds
  A quokka (D:2)
  9 ball pythons
  5 frilled lizards
  2 rats (D:3)
65 creatures vanquished.

Vanquished Creatures (others)
  2 plants (D:5)
2 creatures vanquished.

Grand Total: 67 creatures vanquished

Notes
Turn   | Place    | Note
-------+----------+-------------------------------------------
     0 | D:1      | dracfodder the Gargoyle Earth Elementalist began the quest
                  | for the Orb.
     0 | D:1      | Reached XP level 1. HP: 10/10 MP: 3/3
   131 | D:1      | Found a faded altar of an unknown god.
   331 | D:1      | Reached skill level 4 in Earth Magic
   331 | D:1      | Reached XP level 2. HP: 10/15 MP: 1/5
   448 | D:1      | Found Xeesuasch's Antique Armour Boutique.
   850 | D:1      | Reached XP level 3. HP: 19/19 MP: 4/6
  1038 | D:2      | Found a shadowy altar of Dithmenos.
  1204 | D:2      | Found Fisorghus's General Store.
  1209 | D:2      | Bought a scroll of poison for 40 gold pieces
  1296 | D:2      | Found Siufum's Jewellery Shop.
  1445 | D:2      | Found Reasoqef's Book Shoppe.
  1645 | D:2      | Learned a level 3 spell: Stone Arrow
  1648 | D:2      | Learned a level 2 spell: Passwall
  1936 | D:3      | Noticed Sigmund
  2031 | D:3      | Reached XP level 4. HP: 22/24 MP: 5/8
  2275 | D:3      | Noticed Natasha
  2279 | D:3      | Killed Natasha
  2280 | D:3      | Reached skill level 5 in Earth Magic
  2356 | D:3      | Learned a level 2 spell: Scorch
  2577 | D:3      | Killed Sigmund
  2578 | D:3      | Reached XP level 5. HP: 12/28 MP: 11/11
  2578 | D:3      | Reached XP level 6. HP: 13/32 MP: 12/12
  2765 | D:3      | Noticed Natasha
  2766 | D:3      | Killed Natasha
  3049 | D:3      | Reached skill level 1 in Fire Magic
  3106 | D:3      | Noticed Natasha
  3117 | D:3      | Killed Natasha
  3118 | D:3      | Reached skill level 6 in Earth Magic
  3284 | D:4      | Noticed Blork the orc
  3289 | D:4      | Killed Blork the orc
  3340 | D:4      | Found Zienil's General Store.
  3561 | D:4      | Reached XP level 7. HP: 36/36 MP: 14/14
  3754 | D:5      | Entered Level 5 of the Dungeon
  3822 | D:5      | Reached skill level 1 in Throwing
  4004 | D:5      | Found a blossoming altar of Fedhas.
  4043 | D:5      | Reached skill level 5 in Spellcasting
  4162 | D:5      | Noticed Duvessa
  4162 | D:5      | Noticed Dowan
  4177 | D:5      | Killed Dowan
  4177 | D:5      | Slain by Duvessa

Illustrated notes

Levels and vault maps discovered:
D:1:      minmay_arrival_checkered_box, layout_rooms, serial_shops,
          nicolae_shop_behind_doors, ebering_ecumenical_altar_petrified,
          minmay_misc_feat_columns, minivault_23
D:2:      layout_loops_corners, serial_shops, nicolae_shop_statue_plus,
          shop_fountains, shop, basic_altar, grunt_ministairs_8,
          kennysheep_path_1, kennysheep_generic_room_10
D:3:      layout_loops_ring, uniq_sigmund, uniq_natasha
D:4:      layout_loops_ring, serial_shops, kennysheep_mini_moat,
          uniq_blork_the_orc
D:5:      layout_basic, fedhas_altar_4, minmay_temple_entry_overgrown,
          uniq_duvessa

Skill      XL: |  1  2  3  4  5  6  7 |
---------------+----------------------+-----
Earth Magic    | 4 5 6 |  6.1
Spellcasting   | 4 5 |  5.0
Fire Magic     | 1 2 |  2.2
Stealth        | 3 |  3.0
Throwing       | 1 |  1.3
Dodging        | |  1.8
Transmutations | |  0.8
Evocations     | |  0.2

Action                   |  1- 3 |  4- 6 |  7- 9 || total
-------------------------+-------+-------+-------++-------
Melee: Unarmed           |     3 |       |       ||     3
       Spear             |     4 |     2 |     1 ||     7
Throw: Stone             |    13 |       |       ||    13
       Dart              |       |     5 |     3 ||     8
       Boomerang         |       |     1 |     2 ||     3
 Cast: Sandblast         |    47 |    20 |    15 ||    82
       Scorch            |       |    11 |     1 ||    12
       Stone Arrow       |       |       |     2 ||     2
Evoke: Wand              |       |     4 |       ||     4
  Use: Scroll            |     7 |     5 |     2 ||    14
       Potion            |       |     1 |       ||     1
 Stab: Sleeping          |       |     1 |     1 ||     2
Armor: Robe              |    17 |     4 |    10 ||    31
Dodge: Dodged            |    25 |    10 |     6 ||    41

Table legend: (Time is in decaauts)
 A = Elapsed time spent in this place.
 B = Non-inter-level travel time spent in this place.
 C = Inter-level travel time spent in this place.
 D = Time resting spent in this place.
 E = Time spent auto-exploring this place.
 F = Levels seen in this place.
 G = Mean time per level.
                   A        B        C        D        E       F      G
               +--------+--------+--------+--------+--------+-----+--------+
         Total |   4258 |   4168 |     90 |    799 |   2662 |   5 |  851.6 |
       Dungeon |   4258 |   4168 |     90 |    799 |   2662 |   5 |  851.6 |
               +--------+--------+--------+--------+--------+-----+--------+

Top non-repeatable levels by time:
     D:3: 1220 daAuts
     D:2: 1079 daAuts
     D:1: 919 daAuts
     D:4: 603 daAuts
     D:5: 437 daAuts
